 Dungeon Crawl Stone Soup version 0.28-a0-938-gbc3f381ebc (webtiles) character file.

Game seed: 9973090505102417994

641 AlleluiaPinecone the Ruffian (level 7, -4/59 HPs)
             Began as a Ghoul Monk on Nov 29, 2021.
             Splashed by a jelly's acid (7 damage)
             ... on level 3 of the Dungeon.
             The game lasted 00:06:54 (3669 turns).

AlleluiaPinecone the Ruffian (Ghoul Monk)           Turns: 3669, Time: 00:06:57

Health: -4/59      AC:  3    Str: 15    XL:     7   Next: 51%
Magic:  0/6        EV: 11    Int:  5    God:
Gold:   141        SH:  0    Dex: 13    Spells: 6/6 levels left

rFire   . . .      SeeInvis .     - Unarmed
rCold   + . .      Faith    .   (no shield)
rNeg    + + +      Spirit   +   d - +0 ring mail
rPois   ∞          Reflect  .   h - +1 helmet
rElec   .          Harm     .   (no cloak)
rCorr   .          Rampage  .   (no gloves)
Will    .....                   (no boots)
Stlth   ++........              j - amulet of guardian spirit
HPRegen 0.00/turn               f - ring of flight
MPRegen 0.10/turn               (no ring)

@: corroded, flying, inhibited regen
A: claws 1, cold resistance 1, negative energy resistance 3, inhibited
regeneration, torment resistance 2
a: no special abilities


You were on level 3 of the Dungeon.
You visited 1 branch of the dungeon, and saw 4 of its levels.

You collected 141 gold pieces.

Inventory:

Hand Weapons
 b - a +0 hunting sling
Missiles
 n - 2 boomerangs
 r - 355 stones (quivered)
 u - 22 bolts
 v - 25 sling bullets
Armour
 d - a +0 ring mail (worn)
 h - a +1 helmet (worn)
Jewellery
 f - a ring of flight (left claw)
 j - an amulet of guardian spirit (around neck)
Wands
 t - a wand of paralysis (7)
Scrolls
 a - a scroll of blinking {unknown}
 e - 2 scrolls of amnesia {unknown}
 i - 3 scrolls of identify {unknown}
 k - a scroll of holy word {unknown}
 q - a scroll of magic mapping {unknown}
 s - 3 scrolls of silence {unknown}
Potions
 c - 2 potions of brilliance {unknown}
 g - a potion of flight {unknown}
 l - 3 potions of degeneration {unknown}
 m - 2 potions of berserk rage {unknown}
 o - a potion of attraction {unknown}
 p - a potion of resistance {unknown}
 w - a potion of curing {unknown}


   Skills:
 + Level 4.1 Fighting
 + Level 1.0 Slings
 + Level 2.9 Armour
 + Level 3.5 Dodging
 + Level 4.0 Stealth
 + Level 6.6 Unarmed Combat


You had 6 spell levels left.
You didn't know any spells.
Your spell library contained the following spells:

 Spells                   Type           Power      Damage    Failure   Level
 Sting                    Tmut/Pois      0%         1d3       71%         1
 Poisonous Vapours        Pois/Air       0%         N/A       83%         2
 Olgreb's Toxic Radiance  Pois           0%         N/A       100%        4


Dungeon Overview and Level Annotations

Branches:
Dungeon (4/15)
 Temple: D:4-7

Altars:
Kikubaaqudgha
Ru
Trog

Annotations:
D:2 1 runed translucent door, Crazy Yiuf
D:4 2 transporters, Omegus91's ghost, novice HOFi


Innate Abilities, Weirdness & Mutations

You thrive by killing the living.
You are immune to poison.
You have sharp fingernails.
Your flesh is cold resistant. (rC+)
You are immune to negative energy. (rN+++)
You do not regenerate when monsters are visible.
You are immune to unholy pain and torment.


Message History

You are too injured to fight recklessly!
You are too injured to fight recklessly!
You are too injured to fight recklessly!
You are too injured to fight recklessly!
You are too injured to fight recklessly!
You are too injured to fight recklessly!
You are too injured to fight recklessly!
You barely miss the ogre.
The ogre is heavily wounded.
The ogre hits you with a +0 giant club!
* * * LOW HITPOINT WARNING * * *
The orc hits you but does no damage.
The howler monkey skeleton barely misses you.
There is an open door here.
You scratch the jelly.
Your claws burn!
* * * LOW HITPOINT WARNING * * *
The jelly is lightly wounded.
The jelly barely misses you.
The jelly jiggles.
You see here a scroll of immolation.
There is a stone staircase leading up here.
The jelly hits you but does no damage.
You fly upwards.
There is a stone staircase leading down here.
You barely miss the jelly. The jelly barely misses you.
You scratch the jelly.
Your claws burn!
* * * LOW HITPOINT WARNING * * *
The jelly is moderately wounded.
The jelly hits you but does no damage.
You scratch the jelly. The acid corrodes you!
Your claws burn!
* * * LOW HITPOINT WARNING * * *
The jelly is moderately wounded.
The jelly hits you but does no damage.
You scratch the jelly.
Your claws burn!
* * * LOW HITPOINT WARNING * * *
The jelly is heavily wounded.
The jelly hits you.
* * * LOW HITPOINT WARNING * * *
You are splashed with acid!
You die...

##.######.###.......###.##.##
#.
##.##.....)..........##.#...##
##
......###...#.......###......#
##.#### ###.##.....## ###....#
#.# #.###....# ##.#.# ##.####
#.# ##.#.#######.#.# ...^..#
#.# #.#.........#.# ##.##.#
#.# #J#######.....# #.##.# #.#
#@# #.##### #.##.# #.####.#
#.# ##.##.#####.#....# #.#
............#.#### #.#
.#.....######.####### #.#
.####..# #.........####.# .#
#..# #.#.#..........# #####..#
#.#.#.###.###### .......#
#.#.#.###.#


You could see a jelly.

Vanquished Creatures
  Grinder (D:3)
  A phantom (D:4)
  2 scorpions
  Natasha (thrice) (D:2)
  Robin (D:2)
  A hound skeleton (D:4)
  4 adders
  An adder skeleton (D:4)
  3 dart slugs
  9 ball pythons
  5 bats
  10 endoplasms
  2 giant cockroaches
  22 goblins
  5 hobgoblins
  3 jackals (D:1)
  4 quokkas (D:2)
  4 frilled lizards
  7 kobolds
  24 rats
112 creatures vanquished.

Notes
Turn   | Place    | Note
-------+----------+-------------------------------------------
     0 | D:1      | AlleluiaPinecone the Ghoul Monk began the quest for the
                  | Orb.
     0 | D:1      | Reached XP level 1. HP: 19/19 MP: 0/0
    64 | D:1      | Found a faded altar of an unknown god.
    79 | D:1      | Reached XP level 2. HP: 26/26 MP: 1/1
   434 | D:1      | Reached XP level 3. HP: 24/31 MP: 2/2
   870 | D:2      | Noticed a scorpion
   886 | D:2      | Killed a scorpion
   887 | D:2      | Reached skill level 4 in Unarmed Combat
   887 | D:2      | Reached XP level 4. HP: 15/39 MP: 3/3
  1397 | D:2      | Noticed Robin
  1450 | D:2      | Killed Robin
  1451 | D:2      | Reached XP level 5. HP: 29/46 MP: 4/4
  1535 | D:2      | Reached skill level 1 in Armour
  1948 | D:2      | Noticed Natasha
  1961 | D:2      | Killed Natasha
  1962 | D:2      | Reached skill level 5 in Unarmed Combat
  2027 | D:2      | Found a runed translucent door.
  2028 | D:2      | Noticed Crazy Yiuf
  2030 | D:2      | Noticed Natasha
  2035 | D:2      | Killed Natasha
  2098 | D:2      | Noticed Natasha
  2102 | D:2      | Killed Natasha
  2103 | D:2      | Reached XP level 6. HP: 52/52 MP: 5/5
  2722 | D:3      | Noticed Grinder
  2742 | D:3      | Paralysed by Grinder for 6 turns
  2755 | D:3      | Killed Grinder
  2756 | D:3      | Reached skill level 6 in Unarmed Combat
  2756 | D:3      | Reached XP level 7. HP: 28/59 MP: 6/6
  3188 | D:4      | Found a transporter.
  3210 | D:4      | Found a transporter.
  3293 | D:4      | Noticed Omegus91's ghost (novice HOFi)
  3309 | D:4      | Reached skill level 1 in Slings
  3309 | D:4      | Found a bloodstained altar of Trog.
  3589 | D:4      | Found a sacrificial altar of Ru.
  3589 | D:4      | Found an ancient bone altar of Kikubaaqudgha.
  3669 | D:3      | Splashed by a jelly's acid

Illustrated notes

Levels and vault maps discovered:
D:1:      minmay_arrival_solitary_statue, layout_loops_cross,
          hellmonk_ecumenical_altar_blasted, columned_hall_lemuel, st_stairs_14,
          minmay_quantized
D:2:      layout_basic, minmay_rat_hole, uniq_crazy_yiuf_cottage, uniq_robin,
          uniq_natasha
D:3:      layout_loops_ring, uniq_grinder
D:4:      layout_rooms, trog_hazing_becter, amethyst_overflow_temple_binary,
          gammafunk_ghost_arena, kennysheep_potato

Skill      XL: |  1  2  3  4  5  6  7 |
---------------+----------------------+-----
Dodging        | 3 |  3.5
Stealth        | 3 4 |  4.0
Unarmed Combat | 4 5 6 |  6.6
Armour         | 1 2 |  2.9
Fighting       | 4 |  4.1
Slings         | 1 |  1.0

Action                   |  1- 3 |  4- 6 |  7- 9 || total
-------------------------+-------+-------+-------++-------
Melee: Unarmed           |    65 |   170 |    81 ||   316
       Punch             |     1 |     5 |     2 ||     8
 Fire: Hunting sling     |       |     3 |       ||     3
 Stab: Sleeping          |     7 |     3 |     2 ||    12
Armor: Robe              |     4 |       |       ||     4
       Ring mail         |     6 |    65 |    37 ||   108
Dodge: Dodged            |    36 |   101 |    56 ||   193

Table legend: (Time is in decaauts)
 A = Elapsed time spent in this place.
 B = Non-inter-level travel time spent in this place.
 C = Inter-level travel time spent in this place.
 D = Time resting spent in this place.
 E = Time spent auto-exploring this place.
 F = Levels seen in this place.
 G = Mean time per level.
                   A        B        C        D        E       F      G
               +--------+--------+--------+--------+--------+-----+--------+
         Total |   3658 |   3558 |    100 |    642 |   2182 |   4 |  914.5 |
       Dungeon |   3658 |   3558 |    100 |    642 |   2182 |   4 |  914.5 |
               +--------+--------+--------+--------+--------+-----+--------+

Top non-repeatable levels by time:
     D:2: 1619 daAuts
     D:3: 810 daAuts
     D:1: 761 daAuts
     D:4: 468 daAuts
